 Dungeon Sprint DCSS version 0.30-a0-824-g6c64550be9 (webtiles) character file.

Game seed: 12224704436520378115

1400000 BigDaddyOpFi the Imperceptible (level 14, -6/119 HPs)
             Began as a Vampire Gladiator on Feb 27, 2023.
             Was a Priest of Makhleb.
             Mangled by a meat berserker
             ... wielding a +9 battleaxe
              (64 damage)
             ... in the Dungeon (Sprint VIII: "Arena of Blood").
             The game lasted 00:00:20 (14 turns).

BigDaddyOpFi the Imperceptible (Vampire Gladiator)    Turns: 14, Time: 00:00:20

Health: -6/119     AC:  6    Str: 13    XL:     14   Next: 86%
Magic:  2/31       EV: 23    Int: 12    God:    Makhleb [***...]
Gold:   0          SH:  0    Dex: 19    Spells: 40/40 levels left

rFire   . . .      SeeInvis +    k - +∞ Axe of Woe
rCold   . . .      Faith    .    (shield currently unavailable)
rNeg    . . .      Spirit   .    a - +0 leather armour
rPois   .          Reflect  .    b - +0 helmet
rElec   .          Harm     .    (no cloak)
rCorr   .          Rampage  .    (no gloves)
Will    +....      NoTele   +    (no boots)
Stlth   ++++++++                 (no amulet)
HPRegen 0.59/turn                (no ring)
MPRegen 0.22/turn                (no ring)

@: healing quickly
A: alive, fangs 3, see invisible, vampiric 2
a: Exsanguinate, Renounce Religion, Minor Destruction, Lesser Servant of Makhleb


You were in the Dungeon.
You worshipped Makhleb.
Makhleb was most pleased with you.
You visited 1 branch

Inventory:

Hand Weapons
 k - the +∞ Axe of Woe (weapon)
   (You found it in the Dungeon)
Missiles
 c - 3 throwing nets (quivered)
 d - a javelin
Armour
 a - a +0 leather armour (worn)
 b - a +0 helmet (worn)
Scrolls
 j - a scroll of blinking
Potions
 e - a potion of curing
 f - a potion of heal wounds
 g - a potion of haste
 h - 2 potions of magic
 i - a potion of berserk rage


   Skills:
 + Level 13.9 Fighting
 + Level 13.8 Axes
 + Level 12.8 Throwing
 + Level 12.8 Armour
 + Level 16.6 Dodging
 + Level 22.1 Stealth
 + Level 16.5 Unarmed Combat
 + Level 13.8 Spellcasting
 + Level 13.8 Invocations


You had 40 spell levels left.
You didn't know any spells.
Your spell library was empty.

Dungeon Overview and Level Annotations

Branches:
Dungeon (1/1)

Altars:
Makhleb


Innate Abilities, Weirdness & Mutations

Your natural rate of healing is accelerated.
You have razor-sharp teeth.
You have supernaturally acute eyesight. (SInv)
You are afflicted with vampirism and can become a bat while bloodless.


Message History

You slaughter the meat berserker joyfully.
You kill the meat berserker!
Makhleb accepts your kill.
The meat berserker rages.
You hear a shout!
A meat berserker comes into view. It is wielding a +9 battleaxe.
You hear a shout! x2
A meat berserker comes into view. It is wielding a +9 battleaxe.
You hear a shout! x3
The meat berserker rages.
You hear a shout! x7
Your Fighting skill increases to level 13!
Your Axes skill increases to level 13!
Your Throwing skill increases to level 12!
Your Armour skill increases to level 12!
Your Dodging skill increases to level 15!
Your Stealth skill gained 2 levels and is now at level 21!
Your Unarmed Combat skill increases to level 15!
Your Spellcasting skill increases to level 13!
Your Invocations skill increases to level 13!
You have reached level 14!
Unknown command.
You hit the meat berserker but do no damage.
You fatally mangle the meat berserker.
You kill the meat berserker!
Makhleb accepts your kill.
You can now summon a lesser servant of Makhleb.
You feel better.
You hear a shout! x10
A bag of meat comes into view. It is wielding a +9 war axe.
You hear a shout! x2
Your Dodging skill increases to level 16!
Your Stealth skill increases to level 22!
Your Unarmed Combat skill increases to level 16!
Unknown command.
Unknown command.
You hear a shout! x3
The meat berserker hits you with a +9 battleaxe!!!
Ouch! That really hurt!
You die...

.. ..... #.
...# #.. ...# .
.###.. ...###..
.....o###O.....
......_.....
#..)).# #_)@O_#
#.))o.#
......_.....
......###......
.###.. ...###..
#.. ...# . #.
...# .. .....


You could see 2 meat berserkers and 2 bags of meat.

Vanquished Creatures
  2 ogres (D)
  6 orcs (D)
8 creatures vanquished.

Notes
Turn   | Place    | Note
-------+----------+-------------------------------------------
     0 | D        | Found the +∞ Axe of Woe
     0 | D        | BigDaddyOpFi the Vampire Gladiator began the quest for the
                  | Orb.
     0 | D        | Reached XP level 1. HP: 16/16 MP: 1/1
     2 | D        | Noticed a bag of meat
     3 | D        | Noticed a bag of meat
     4 | D        | Noticed a bag of meat
     4 | D        | Became a worshipper of Makhleb the Destroyer
     4 | D        | Noticed a bag of meat
     5 | D        | Noticed a bag of meat
     6 | D        | Noticed a bag of meat
     6 | D        | Noticed a bag of meat
     8 | D        | Noticed a meat berserker
    10 | D        | Killed a bag of meat
    10 | D        | Killed a bag of meat
    10 | D        | Reached * piety under Makhleb
    10 | D        | Noticed a bag of meat
    10 | D        | Noticed a meat berserker
    11 | D        | Reached skill level 15 in Stealth
    11 | D        | Reached XP level 2. HP: 18/34 MP: 1/12
    11 | D        | Gained mutation: You are afflicted with vampirism and can
                  | become a bat while bloodless. [Vampire growth]
    11 | D        | Reached XP level 3. HP: 21/40 MP: 1/14
    11 | D        | Reached XP level 4. HP: 25/46 MP: 1/15
    11 | D        | Reached XP level 5. HP: 28/52 MP: 1/17
    11 | D        | Reached XP level 6. HP: 32/59 MP: 1/18
    11 | D        | Reached XP level 7. HP: 34/64 MP: 1/20
    11 | D        | Reached XP level 8. HP: 38/71 MP: 1/21
    11 | D        | Reached XP level 9. HP: 41/77 MP: 1/22
    11 | D        | Reached XP level 10. HP: 45/83 MP: 1/23
    11 | D        | Reached XP level 11. HP: 48/89 MP: 1/24
    11 | D        | Killed a bag of meat
    11 | D        | Killed a bag of meat
    11 | D        | Killed a bag of meat
    11 | D        | Reached ** piety under Makhleb
    11 | D        | Killed a bag of meat
    12 | D        | Reached skill level 19 in Stealth
    12 | D        | Reached XP level 12. HP: 11/102 MP: 1/28
    12 | D        | Reached XP level 13. HP: 12/108 MP: 1/29
    12 | D        | Killed a meat berserker
    12 | D        | Noticed a meat berserker
    12 | D        | Noticed a meat berserker
    13 | D        | Reached skill level 15 in Dodging
    13 | D        | Reached skill level 21 in Stealth
    13 | D        | Reached skill level 15 in Unarmed Combat
    13 | D        | Reached XP level 14. HP: 14/118 MP: 1/31
    13 | D        | Killed a meat berserker
    13 | D        | Reached *** piety under Makhleb
    13 | D        | Noticed a bag of meat
    14 | D        | Reached skill level 22 in Stealth
    14 | D        | Mangled by a meat berserker

Illustrated notes

Levels and vault maps discovered:
D:        meatsprint

Skill      XL: |  1  2  3  4  5  6  7  8  9 10 11 12 13 14 |
---------------+-------------------------------------------+-----
Fighting       | 9 12 13 | 13.9
Axes           | 9 12 13 | 13.8
Throwing       | 8 11 12 | 12.8
Armour         | 8 11 12 | 12.8
Dodging        | 11 14 15 16 | 16.6
Stealth        | 15 19 21 22 | 22.1
Unarmed Combat | 11 14 15 16 | 16.5
Spellcasting   | 9 12 13 | 13.8
Invocations    | 9 12 13 | 13.8

Action                     |  1- 3 |  4- 6 |  7- 9 | 10-12 | 13-15 || total
---------------------------+-------+-------+-------+-------+-------++-------
  Melee: Executioner's axe |     1 |       |       |     1 |     2 ||     4

Table legend: (Time is in decaauts)
 A = Elapsed time spent in this place.
 B = Non-inter-level travel time spent in this place.
 C = Inter-level travel time spent in this place.
 D = Time resting spent in this place.
 E = Time spent auto-exploring this place.
 F = Levels seen in this place.
 G = Mean time per level.
                   A        B        C        D        E       F      G
               +--------+--------+--------+--------+--------+-----+--------+
         Total |     15 |     15 |      0 |      0 |      0 |   1 |   15.0 |
       Dungeon |     15 |     15 |      0 |      0 |      0 |   1 |   15.0 |
               +--------+--------+--------+--------+--------+-----+--------+

Top non-repeatable levels by time:
       D: 15 daAuts
